 Dungeon Crawl Stone Soup version 0.25-a0-822-g6581751b11 (webtiles) character file.

Game seed: 17151785975467775480, levelgen mode: deterministic

1145 Lanoc the Firebug (level 8, -3/52 HPs)
             Began as a Human Fire Elementalist on Apr 20, 2020.
             Was a Believer of Sif Muna.
             Slain by a centaur (8 damage)
             ... on level 6 of the Dungeon.
             The game lasted 00:16:19 (5394 turns).

Lanoc the Firebug (Human Fire Elementalist)         Turns: 5394, Time: 00:16:20

Health: -3/52      AC:  2    Str: 10    XL:     8   Next: 64%
Magic:  20/20      EV: 14    Int: 17    God:    Sif Muna [**....]
Gold:   420        SH:  0    Dex: 13    Spells: 1/11 levels left

rFire    . . .     SeeInvis .   a - +2 short sword (venom)
rCold    . . .     Gourm    .   (no shield)
rNeg     . . .     Faith    .   l - +0 robe
rPois    +         Spirit   .   (no helmet)
rElec    +         Reflect  .   (no cloak)
rCorr    .         Harm     .   (no gloves)
MR       +....                  (no boots)
Stlth    ++........             (no amulet)
HPRegen  0.17/turn              p - ring of Dupaosey {*Slow +Blink rElec rPois MP+9}
MPRegen  0.17/turn              r - ring of protection from magic

@: invisible
A: no striking features
a: Channel Magic, Renounce Religion, Evoke Blink


You were on level 6 of the Dungeon.
You worshipped Sif Muna.
Sif Muna was pleased with you.
You were hungry.

You visited 2 branches of the dungeon, and saw 7 of its levels.

You collected 420 gold pieces.

Inventory:

Hand Weapons
 a - a +2 short sword of venom (weapon)
Missiles
 b - 35 poisoned darts (quivered)
 s - 2 curare-tipped darts
Armour
 l - a +0 robe (worn)
Jewellery
 p - the ring of Dupaosey (left hand) {*Slow +Blink rElec rPois MP+9}
   (You found it on level 5 of the Dungeon)

   [ring of magical power]

   It insulates you from electricity.
   It protects you from poison.
   It affects your magic capacity (+9).
   It lets you blink.
   It may slow you when you take damage.
 r - a ring of protection from magic (right hand)
Wands
 f - a wand of paralysis (6)
 q - a wand of acid (9)
Scrolls
 d - 2 scrolls of blinking
 g - 4 scrolls of remove curse
 i - 2 scrolls of teleportation
 j - 11 scrolls of identify
 k - 2 scrolls of magic mapping {unknown}
 m - a scroll of enchant weapon {unknown}
 n - 2 scrolls of random uselessness
Potions
 e - 2 potions of resistance
 h - 3 potions of flight
Comestibles
 c - 7 rations


   Skills:
 + Level 5.1 Dodging
 - Level 2.0 Stealth
 - Level 2.0 Spellcasting
 + Level 4.7 Conjurations
 * Level 7.5 Fire Magic


You had one spell level left.
You knew the following spells:

 Your Spells              Type           Power        Failure   Level  Hunger
a - Foxfire               Conj/Fire      ###.         1%          1    #......
b - Sticky Flame          Conj/Fire      ###.....     16%         4    #####..
c - Fireball              Conj/Fire      ###.......   41%         5    ######.

Your spell library contained the following spells:

 Spells                   Type           Power        Failure   Level  Hunger
 Conjure Flame            Conj/Fire      ###.....     4%          3    ###....
 Inner Flame              Hex/Fire       ##......     12%         3    ###....


Dungeon Overview and Level Annotations

Branches:
Dungeon (6/15)             Temple (1/1) D:5

Altars:
Fedhas
Gozag
Ru
Sif Muna
The Shining One

Shops:
D:5 [(

Annotations:
D:3 Sigmund


Message History

The crimson imp is moderately wounded.
The crimson imp closely misses you. The centaur hits you.
You barely miss the crimson imp.
The crimson imp is lightly wounded.
The centaur hits you. The crimson imp hits you. The centaur closely misses you.
You hit the crimson imp.
The crimson imp is heavily wounded.
The centaur hits you! The crimson imp hits you.
The centaur completely misses you. The crimson imp misses you.
You miss the crimson imp.
The crimson imp is moderately wounded.
The centaur hits you!
* * * LOW HITPOINT WARNING * * *
The crimson imp blinks!
You barely miss the centaur. The centaur hits you!
* * * LOW HITPOINT WARNING * * *
The centaur barely misses you.
You fade into invisibility!
The centaur barely misses you. The centaur hits you!
You die...

# # ###### .# .. ...#.
##################.#.###
...#.
.................c.$....
.....
................@ยง......
#...
##################.#####
#... # # #... #. #... #.#
##.# #.. #.). #...#.)#
#...#).# #....)(.


You could see a centaur.

Vanquished Creatures
  A troll (D:5)
  An ogre (D:5)
  3 centaurs
  2 crimson imps
  A bullfrog skeleton (D:5)
  2 hounds
  3 orc wizards
  3 worker ants
  2 iguanas
  A hound zombie (D:6)
  A worker ant zombie (D:5)
  A howler monkey skeleton (D:4)
  3 gnolls (D:5)
  7 adders
  A shadow imp (D:5)
  An ooze (D:1)
  An adder zombie (D:5)
  An adder skeleton (D:5)
  A worm (D:5)
  2 dart slugs
  2 leopard geckos
  14 orcs
  6 bats
  6 giant cockroaches
  8 goblins
  6 hobgoblins
  11 jackals
  A quokka (D:4)
  2 ball pythons (D:1)
  10 kobolds
  A leopard gecko skeleton (D:6)
  A quokka skeleton (D:5)
  3 rats
109 creatures vanquished.

Vanquished Creatures (others)
  356 foxfires
356 creatures vanquished.

Grand Total: 465 creatures vanquished

Notes
Turn   | Place    | Note
-------+----------+-------------------------------------------
     0 | D:1      | Lanoc the Human Fire Elementalist began the quest for the
                  | Orb.
     0 | D:1      | Reached XP level 1. HP: 13/13 MP: 3/3
   102 | D:1      | Reached XP level 2. HP: 10/19 MP: 1/5
   457 | D:1      | Reached XP level 3. HP: 24/24 MP: 3/6
   825 | D:2      | Reached XP level 4. HP: 11/30 MP: 7/7
   831 | D:2      | Reached skill level 4 in Fire Magic
   898 | D:2      | Learned a level 4 spell: Sticky Flame
  1241 | D:2      | Found a shimmering blue altar of Sif Muna.
  1489 | D:2      | Became a worshipper of Sif Muna the Loreminder
  1728 | D:3      | Noticed Sigmund
  1982 | D:4      | Reached XP level 5. HP: 33/35 MP: 6/8
  2348 | D:4      | Reached * piety under Sif Muna
  2348 | D:4      | Reached XP level 6. HP: 18/41 MP: 3/9
  2647 | D:4      | Reached skill level 5 in Fire Magic
  2884 | D:4      | Found a sacrificial altar of Ru.
  2891 | D:4      | Found an opulent altar of Gozag.
  2996 | D:5      | Entered Level 5 of the Dungeon
  3103 | D:5      | Noticed a troll
  3418 | D:5      | Reached XP level 7. HP: 22/46 MP: 4/10
  3804 | D:5      | Killed a troll
  3804 | D:5      | Reached skill level 6 in Fire Magic
  4136 | D:5      | Reached XP level 8. HP: 52/52 MP: 3/11
  4307 | D:5      | Found Ydeutt's Antique Armour Shop.
  4338 | D:5      | Got a glittering wooden ring
  4339 | D:5      | Identified the ring of Dupaosey {*Slow +Blink rElec rPois
                  | MP+9} (You found it on level 5 of the Dungeon)
  4407 | D:5      | Found a glowing golden altar of the Shining One.
  4642 | D:5      | Learned a level 5 spell: Fireball
  4665 | D:5      | Found Ostuluwn's Weapon Emporium.
  4676 | D:5      | Reached skill level 7 in Fire Magic
  4726 | D:5      | Found a staircase to the Ecumenical Temple.
  4804 | D:5      | Found a blossoming altar of Fedhas.
  4834 | Temple   | Entered the Ecumenical Temple
  5007 | D:6      | Reached skill level 5 in Dodging
  5158 | D:6      | HP: 2/52 [orc wizard/puff of flame (3)]
  5321 | D:6      | Reached ** piety under Sif Muna
  5394 | D:6      | Slain by a centaur

Levels and vault maps discovered:
D:1:      matt_arrival_grand_opening, layout_basic,
          chequers_serial_rivers_small_a, minmay_tetromino_t2
D:2:      layout_rooms, lemuel_round_altar, minivault_25
D:3:      layout_rooms, interstate_on_off, uniq_sigmund
D:4:      layout_cave_pools, amethyst_overflow_temple_binary
D:5:      layout_gridville, tso_altar, kennysheep_little_box,
          minmay_temple_entry_antechambers, serial_shops,
          nicolae_shop_behind_doors, shop, first_ration
D:6:      layout_basic
Temple:   corrupted_temple

Skill      XL: |  1  2  3  4  5  6  7  8 |
---------------+-------------------------+-----
Conjurations   | 2 3 4 |  4.7
Fire Magic     | 4 5 6 7 |  7.5
Dodging        | 3 4 5 |  5.1
Stealth        | |  2.0
Spellcasting   | |  2.0

Action                   |  1- 3 |  4- 6 |  7- 9 || total
-------------------------+-------+-------+-------++-------
Melee: Short sword       |    47 |    79 |    53 ||   179
Throw: Dart              |       |     5 |       ||     5
 Cast: Foxfire           |    41 |    76 |    93 ||   210
  Use: Potion            |     6 |     3 |     3 ||    12
       Scroll            |       |     5 |     2 ||     7
 Stab: Sleeping          |     5 |     5 |       ||    10
       Invisible         |       |     1 |       ||     1
  Eat: Chunk             |       |     9 |     8 ||    17
Armor: Robe              |    11 |    14 |     5 ||    30
       Skin              |     4 |     8 |       ||    12
Dodge: Dodged            |    69 |    69 |    71 ||   209

Table legend:
 A = Non-vault XP
 B = Vault XP
 C = Vault XP percentage of total XP
 D = Non-vault monster count
 E = Vault monster count
 F = Vault count percentage of total count
                 A         B        C        D         E       F
            +---------+---------+-------+---------+---------+-------
      Total |    1635 |       2 |   0.1 |     108 |       1 |   0.9
            +---------+---------+-------+---------+---------+-------
        D:1 |      40 |       2 |   4.8 |      20 |       1 |   4.8
        D:2 |      80 |       0 |   0.0 |      27 |       0 |   0.0
        D:3 |      14 |       0 |   0.0 |       7 |       0 |   0.0
        D:4 |     222 |       0 |   0.0 |      20 |       0 |   0.0
        D:5 |     956 |       0 |   0.0 |      23 |       0 |   0.0
        D:6 |     323 |       0 |   0.0 |      11 |       0 |   0.0
            +---------+---------+-------+---------+---------+-------
